 Dungeon Sprint DCSS version 0.20-a0-1006-ge6c5631 (webtiles) character file.

1100000 polly the Ninja (level 13, -8/79 HPs)
             Began as a Spriggan Assassin on Apr 14, 2017.
             Mangled by a meat berserker
             ... wielding a +9 battleaxe
              (60 damage)
             ... in the Dungeon (Sprint VIII: "Arena of Blood").
             The game lasted 00:00:31 (11 turns).

polly the Ninja (Spriggan Assassin)                   Turns: 11, Time: 00:00:32

Health: -8/79      AC:  3    Str:  8    XL:     13   Next: 71%
Magic:  14/14      EV: 29    Int: 13    God:
Gold:   0          SH:  0    Dex: 21    Spells: 12/12 levels left

rFire    . . .     SeeInvis +   n - +∞ Axe of Woe
rCold    . . .     Gourm    .   (shield currently unavailable)
rNeg     . . .     Faith    .   c - +0 robe
rPois    .         Spirit   .   (helmet restricted)
rElec    .         Reflect  .   d - +0 cloak
rCorr    .         Harm     .   (gloves unavailable)
MR       ++...     NoTele   +   (boots unavailable)
Stlth    +++++++++.             (no amulet)
Regen    0.3/turn               (no ring)
MPRegen  0.2/turn               (no ring)

@: very quick
A: unfitting armour, see invisible, herbivore 3, speed 3, slow metabolism 2
a: no special abilities


You were in the Dungeon.
You were not hungry.

You visited 1 branch

Inventory:

Hand Weapons
 a - a +2 dagger
 b - a +0 blowgun
 n - the +∞ Axe of Woe (weapon)
   (You found it in the Dungeon)
Missiles
 e - 8 poisoned needles
 f - 2 curare-tipped needles
Armour
 c - a +0 robe (worn)
 d - a +0 cloak (worn)
Scrolls
 m - a scroll of blinking
Potions
 h - a potion of curing
 i - a potion of heal wounds
 j - a potion of haste
 k - 2 potions of magic
 l - a potion of berserk rage
Comestibles
 g - a bread ration


   Skills:
 + Level 14.7 Fighting
 + Level 17.3 Short Blades
 + Level 10.2 Axes
 + Level 16.2 Throwing
 + Level 11.3 Dodging
 O Level 27 Stealth


You had 12 spell levels left.
You didn't know any spells.

Dungeon Overview and Level Annotations

Branches:
Dungeon (1/1)

Altars:
Makhleb


Innate Abilities, Weirdness & Mutations

You are very small and have problems with some larger weapons.
You are too small for most types of armour.
You have supernaturally acute eyesight. (SInv)
You are a herbivore.
You cover ground extremely quickly.
You need consume almost no food.


Message History

An orc and 2 ogres come into view.
Unknown command.
The bag of meat shouts! x2
You hit the meat berserker.
You chop the meat berserker into pieces.
You kill the meat berserker!
Your Fighting skill gained 4 levels and is now at level 14!
Your Short Blades skill gained 5 levels and is now at level 17!
Your Axes skill gained 5 levels and is now at level 10!
Your Throwing skill gained 4 levels and is now at level 16!
Your Dodging skill gained 6 levels and is now at level 11!
You have reached level 12!
Your experience leads to an increase in your attributes!
Increase (S)trength, (I)ntelligence, or (D)exterity?
You feel agile.
You have reached level 13!
You hear a shout! x6
The meat berserker hits you with a +9 battleaxe!!!
Ouch! That really hurt!
You die...

##...#.............
#......#......o.....
....................
.#........o........o
..#........#.......#
.....#.....#.......#
..#O...).###.......###.
..o....@...O..###......
.o....#Oo......_......
....#.......#.....#..
##......o...#_.<._#
...#.......#.....#
.....#o......._.....
.............###......
.......###... ..###.
#... ..#


You could see 3 meat berserkers and 7 bags of meat.

Vanquished Creatures
  An ogre (D)
  An orc (D)
2 creatures vanquished.

Notes
Turn   | Place    | Note
-------+----------+-------------------------------------------
     0 | D        | polly the Spriggan Assassin began the quest for the Orb.
     0 | D        | Reached XP level 1. HP: 10/10 MP: 2/2
     4 | D        | Noticed a bag of meat
     5 | D        | Noticed a bag of meat
     7 | D        | Noticed a meat berserker
     7 | D        | Noticed a bag of meat
     7 | D        | Noticed a meat berserker
     7 | D        | Noticed a bag of meat
     9 | D        | Noticed a bag of meat
     9 | D        | Noticed a bag of meat
     9 | D        | Noticed a bag of meat
    10 | D        | Noticed a bag of meat
    10 | D        | Killed a bag of meat
    10 | D        | Reached skill level 10 in Fighting
    10 | D        | Reached skill level 5 in Axes
    10 | D        | Reached skill level 5 in Dodging
    10 | D        | Reached skill level 27 in Stealth
    10 | D        | Reached XP level 2. HP: 25/25 MP: 3/3
    10 | D        | Reached XP level 3. HP: 29/29 MP: 4/4
    10 | D        | Reached XP level 4. HP: 34/34 MP: 5/5
    10 | D        | Reached XP level 5. HP: 37/37 MP: 6/6
    10 | D        | Reached XP level 6. HP: 42/42 MP: 7/7
    10 | D        | Reached XP level 7. HP: 46/46 MP: 8/8
    10 | D        | Reached XP level 8. HP: 51/51 MP: 9/9
    10 | D        | Reached XP level 9. HP: 55/55 MP: 10/10
    10 | D        | Reached XP level 10. HP: 60/60 MP: 11/11
    10 | D        | Reached XP level 11. HP: 64/64 MP: 12/12
    11 | D        | Noticed a bag of meat
    11 | D        | Noticed a meat berserker
    11 | D        | Noticed a meat berserker
    11 | D        | Killed a meat berserker
    11 | D        | Reached skill level 10 in Axes
    11 | D        | Reached XP level 12. HP: 49/75 MP: 13/13
    11 | D        | Reached XP level 13. HP: 52/79 MP: 14/14
    11 | D        | Mangled by a meat berserker

Vault maps used:
D:        meatsprint

Skill      XL: |  1  2  3  4  5  6  7  8  9 10 11 |
---------------+----------------------------------+-----
Fighting       | 10 14 | 14.7
Short Blades   | 12 17 | 17.3
Axes           | 5 10 | 10.2
Throwing       | 12 16 | 16.2
Dodging        | 5 11 | 11.3
Stealth        | 27 | 27.0

Action                   |  1- 3 |  4- 6 |  7- 9 | 10-12 | 13-15 || total
-------------------------+-------+-------+-------+-------+-------++-------
Melee: Broad axe         |     1 |       |       |     1 |       ||     2
